 Dungeon Crawl Stone Soup version 0.13-b1-32-g21a608e (webtiles) character file.

447 Lilouch the Skirmisher (level 6, 0/48 HPs)
             Began as a Mummy Fighter on Oct 6, 2013.
             Slain by an ettin zombie (28 damage)
             ... on Level 2 of the Dungeon.
             The game lasted 00:29:19 (19376 turns).

Lilouch the Skirmisher (Mummy Fighter)             Turns: 19376, Time: 00:29:20

HP   0/48        AC  6     Str 20      XL: 6   Next:  5%
MP   5/5         EV  6     Int  7      God:
Gold 168         SH 18     Dex 12      Spells:  0 memorised,  5 levels left

Res.Fire  : x . .   See Invis. : .   a - +0 hand axe {=f}
Res.Cold  : + . .   Warding    : .   b - +0 scale mail
Life Prot.: + + +   Conserve   : .   c - +0 shield
Res.Poison: +       Res.Corr.  : .   (no helmet)
Res.Elec. : .       Clarity    : .   (no cloak)
Sust.Abil.: . .     Spirit.Shd : .   (no gloves)
Res.Mut.  : .       Stasis     : .   (no boots)
Res.Rott. : +       Flight     : .   (no amulet)
Saprovore : . . .                    (no ring)
                                     (no ring)

@: somewhat resistant to hostile enchantments, extremely unstealthy
A: no food or potions, fire vulnerability, restore body, cold resistance 1, life
protection 3, poison resistance, torment resistance, unbreathing
a: no special abilities


You were on level 2 of the Dungeon.
You were not hungry.

You visited 1 branch of the dungeon, and saw 4 of its levels.

You collected 148 gold pieces.

Inventory:

Hand weapons
 a - a +0,+0 hand axe (weapon) {=f}
 m - a +2,+2 elven whip of reaching
 r - a +0,+1 orcish hand axe
 t - a +0,+0 dwarven hand axe
 w - a +0,+1 orcish whip
 y - a +0,+0 sling
 G - a +0,+2 dagger of venom
 H - a +0 blowgun
Missiles
 f - 20 darts (quivered)
 n - a dart of flame
 o - 25 stones
 E - 16 poisoned needles
Armour
 b - a +0 scale mail (worn)
 c - a +0 shield (worn)
 x - a +0 orcish chain mail
Magical devices
 D - a wand of invisibility (3) {unknown}
Comestibles
 i - 3 meat rations
 k - 3 bread rations
 l - a choko
 s - an apple
Scrolls
 d - a scroll of magic mapping {unknown}
 g - 5 scrolls of identify {unknown}
 h - 2 scrolls of remove curse {unknown}
 j - 2 scrolls of teleportation {unknown}
 q - a scroll of enchant weapon II {unknown}
 u - a scroll of blinking {unknown}
 v - 2 scrolls of random uselessness {unknown}
 C - a scroll of recharging {unknown}
Jewellery
 e - an uncursed amulet of the gourmand {unknown}
Potions
 p - a potion of curing {unknown}
 z - 2 potions of might {unknown}
 A - 3 potions of heal wounds {unknown}
 B - a potion of brilliance {unknown}
 F - a potion of cure mutation {unknown}


   Skills:
 + Level 3.5 Fighting
 * Level 2.8 Axes
 + Level 3.5 Armour
 + Level 1.6 Dodging
 + Level 0.6 Stealth
 + Level 3.2 Shields


You had 5 spell levels left.
You didn't know any spells.

Dungeon Overview and Level Annotations

Branches:
Dungeon (4/27)
 Temple: D:4-7

Altars:
Ashenzari
Trog
Yredelemnul


Innate Abilities, Weirdness & Mutations

You do not eat or drink.
Your flesh is vulnerable to fire.
Your flesh is cold resistant.
You are immune to negative energy.
Your system is resistant to poisons.
You are immune to unholy pain and torment.
You can survive without breathing.


Message History

You hit the bat.
The bat is severely wounded.
The bat hits you. You block the bat's attack. You block the bat's attack.
You slash the bat!
You kill the bat!
There is a stone staircase leading up here.
You climb upwards.
The giant amoeba quivers.
There is a stone staircase leading down here.
The giant amoeba jiggles.
You climb downwards.
There is a stone staircase leading up here.
There is a stone staircase leading up here.
You climb upwards.
The ettin zombie hits you. The ettin zombie hits you!
There is a stone staircase leading down here.
The ettin zombie hits you!
Ouch! That really hurt!
You die...

#####'#### #......####
#........# #.........#
#........####[........#
#....>...##.').J>.....#
#........#..#.........#
#........#.##....[....#
#........#.##.........#
#....Z...'.##.........#
#.....@..####.........#
#........# #.........#
#...<....# ###########
##########


You could see an ettin zombie.

Vanquished Creatures
  A worker ant (D:4)
  Ijyb (D:2)
  Terence (D:3)
  6 adders
  7 worms
  6 giant geckos
  8 orcs (D:3)
  10 giant cockroaches
  6 goblins
  17 hobgoblins
  4 jackals (D:1)
  10 kobolds
  3 quokkas
  2 ball pythons
  15 bats
  8 giant newts
  12 rats
  3 plants (D:1)
120 creatures vanquished.

Notes
Turn   | Place    | Note
--------------------------------------------------------------
     0 | D:1      | Lilouch, the Mummy Fighter, began the quest for the Orb.
     0 | D:1      | Reached XP level 1. HP: 18/18 MP: 0/0
   585 | D:1      | Reached XP level 2. HP: 21/24 MP: 1/1
  1007 | D:1      | Reached XP level 3. HP: 30/30 MP: 2/2
  4938 | D:1      | Noticed an ice beast
  5106 | D:2      | Found a shattered altar of Ashenzari.
  5276 | D:2      | Noticed Ijyb
  5311 | D:2      | Killed Ijyb
  5311 | D:2      | Reached XP level 4. HP: 34/36 MP: 3/3
  5398 | D:2      | Found a bloodstained altar of Trog.
  5398 | D:2      | Found a basalt altar of Yredelemnul.
  6840 | D:1      | Noticed a purple ugly thing
  6841 | D:1      | Noticed a purple ugly thing
 10419 | D:2      | Reached skill level 1 in Dodging
 10817 | D:2      | Reached XP level 5. HP: 15/42 MP: 4/4
 13018 | D:2      | Noticed an ogre
 15004 | D:2      | Noticed a vampire mosquito
 15021 | D:2      | Noticed a vampire mosquito
 16225 | D:2      | Noticed an ettin zombie
 16906 | D:3      | Noticed Terence
 16935 | D:3      | Killed Terence
 19094 | D:2      | Noticed a hill giant
 19158 | D:4      | Reached XP level 6. HP: 26/48 MP: 5/5
 19178 | D:4      | Noticed a phantom
 19366 | D:2      | Noticed a giant amoeba
 19376 | D:2      | Slain by an ettin zombie

Action                   |  1- 3 |  4- 6 || total
-------------------------+-------+-------++-------
Melee: Hand axe          |   468 |   374 ||   842
 Stab: Distracted        |       |     1 ||     1
